 Dungeon Crawl Stone Soup version 0.29-a0-668-g12ee2bf84d (webtiles) character file.

Game seed: 12045531497595827685

149 wingedge the Gusty (level 5, 0/29 HPs)
             Began as a Tengu Air Elementalist on June 23, 2022.
             Was a Follower of Uskayaw.
             Constricted to death by a ball python (1 damage)
             ... in a sewer.
             The game lasted 00:09:51 (3628 turns).

wingedge the Gusty (Tengu Air Elementalist)         Turns: 3628, Time: 00:09:52

Health: 0/29       AC:  2    Str: 14    XL:     5   Next: 31%
Magic:  2/9        EV: 12    Int: 16    God:    Uskayaw [*.....]
Gold:   96         SH:  0    Dex: 18    Spells: 6/9 levels left

rFire   . . .      SeeInvis .   b - +0 long sword (flame)
rCold   . . .      Faith    .   (no shield)
rNeg    . . .      Spirit   .   a - +0 robe
rPois   .          Reflect  .   (helmet restricted)
rElec   +          Harm     .   (no cloak)
rCorr   .          Rampage  .   (no gloves)
Will    .....                   (boots unavailable)
Stlth   ++........              d - amulet of the Air {Inacc Air Fly rElec RMsl}
HPRegen 0.09/turn               i - +6 ring of strength
MPRegen 0.11/turn               (no ring)

@: attractive, flying quickly and evasively, constricted, repel missiles, quick
A: beak, talons 3, nimble flight, agile 1
a: Renounce Religion, Stomp


You were in a sewer.
You worshipped Uskayaw.
Uskayaw was noncommittal.
You visited 1 branch of the dungeon, and saw 3 of its levels.
You also visited: Sewer.

You collected 96 gold pieces.

Inventory:

Hand Weapons
 b - a +0 long sword of flaming (weapon)
 e - a +0 short sword
 m - the +3 hand axe of the Maze {distort, rPois rF+++ rN+ Int-3}
   (You found it on level 3 of the Dungeon)

   It warps and distorts space around it, and may blink, banish, or inflict
   extra damage upon those it strikes.
   Unwielding it can cause banishment or high damage.
   Int:       It affects your intelligence (-3).
   rF:        It renders you almost immune to fire.
   rPois:     It protects you from poison.
   rN:        It protects you from negative energy.
Armour
 a - a +0 robe (worn)
 l - a +0 ring mail
Jewellery
 d - the amulet of the Air (around neck) {Inacc Air Fly rElec RMsl}
   (You found it on level 2 of the Dungeon)

   [amulet of nothing]

   It reduces the accuracy of all your attacks.
   It enhances your air magic.
   rElec:     It insulates you from electricity.
   Fly:       It grants you flight.
   RMsl:      It protects you from missiles.
 i - a +6 ring of strength (left hand)
Scrolls
 k - a scroll of identify
Potions
 c - a potion of heal wounds {unknown}
 f - a potion of might {unknown}
 h - a potion of cancellation {unknown}
 j - a potion of mutation
 n - a potion of flight


   Skills:
 + Level 1.3 Fighting
 * Level 0.2 Long Blades
 + Level 1.3 Armour
 + Level 2.7 Dodging
 - Level 2.0 Stealth
 + Level 2.5 Spellcasting
 * Level 3.2 Conjurations
 * Level 5.1 Air Magic
 + Level 0.7 Invocations


You had 6 spell levels left.
You knew the following spells:

 Your Spells              Type           Power      Damage    Failure   Level
a - Shock                 Conj/Air       92%        1d8       3%          1
b - Static Discharge      Conj/Air       23%        N/A       5%          2

Your spell library contained the following spells:

 Spells                   Type           Power      Damage    Failure   Level
 Swiftness                Air            27%        N/A       7%          3
 Sandblast                Erth           4%         2d4       21%         1
 Summon Small Mammal      Summ           8%         N/A       21%         1
 Airstrike                Air            13%        N/A       24%         4
 Passwall                 Tmut/Erth      1%         N/A       30%         2
 Stone Arrow              Conj/Erth      14%        3d7       30%         3
 Call Canine Familiar     Summ           2%         N/A       52%         3
 Summon Guardian Golem    Hex/Summ       2%         N/A       52%         3


Dungeon Overview and Level Annotations

Branches:
Dungeon (3/15)              Sewer (1/1)

Altars:
Uskayaw


Innate Abilities, Weirdness & Mutations

You have a beak for a mouth.
You have claws for feet.
Your magical nature lets you fly swiftly and evasively.
You are agile. (Dex +4, Int/Str-1)


Message History

The jackal splashes around in the water.
The kobold hits you but does no damage. The jackal closely misses you.
You miss the jackal. You claw the jackal.
The jackal is almost dead.
The kobold hits you with a +0 short sword.
The jackal bites you.
* * * LOW HITPOINT WARNING * * *
The ball python closely misses you. The ball python grabs you.
The ball python constricts you.
* * * LOW HITPOINT WARNING * * *
The kobold hits you with a +0 short sword.
* * * LOW HITPOINT WARNING * * *
Okay, then.
It was a potion of mutation.
You feel extremely strange.
You feel agile.
The jackal bites you but does no damage.
The ball python bites you.
* * * LOW HITPOINT WARNING * * *
The ball python constricts you.
* * * LOW HITPOINT WARNING * * *
A river rat comes into view.
The jackal splashes around in the water.
The kobold splashes around in the water.
It was a potion of flight.
You feel more buoyant. The ball python misses you.
The ball python constricts you.
The jackal splashes around in the water.
The kobold closely misses you. The ball python closely misses you.
The ball python constricts you.
* * * LOW HITPOINT WARNING * * *
Okay, then.
Okay, then.
It was a potion of attraction.
You feel attractive to monsters. The jackal bites you.
* * * LOW HITPOINT WARNING * * *
The ball python bites you.
* * * LOW HITPOINT WARNING * * *
The ball python constricts you.
You die...

##≈≈....#≈#P.
#....∩∩..P..#
#........P###
#..†#######
#P..≈≈≈≈≈≈≈
#P..#######
#..≈...#
#....≈≈##
##†≈.≈@h#
##.≈.KS≈≈≈.#
#....#r#≈.≈.#
#P≈≈..#≈#..r..
#..≈≈.#≈# ....
#PPP.≈#≈#


.PP ##P..≈ ?# #≈# #.### ## You could see 2 river rats, a jackal, a ball python
and a kobold.

Vanquished Creatures
  Jessica (D:2)
  A gnoll (D:2)
  2 river rats (Sewer)
  2 adders
  6 orcs
  6 ball pythons
  6 endoplasms
  3 giant cockroaches (D:1)
  7 goblins
  6 hobgoblins
  A jackal (Sewer)
  5 quokkas
  6 bats
  3 frilled lizards
  4 kobolds
  9 rats
68 creatures vanquished.

Vanquished Creatures (others)
  3 plants (Sewer)
3 creatures vanquished.

Grand Total: 71 creatures vanquished

Notes
Turn   | Place    | Note
-------+----------+-------------------------------------------
     0 | D:1      | wingedge the Tengu Air Elementalist began the quest for the
                  | Orb.
     0 | D:1      | Reached XP level 1. HP: 10/10 MP: 4/4
   154 | D:1      | Found a faded altar of an unknown god.
   172 | D:1      | Prayed at the altar of an unknown god.
   172 | D:1      | Became a worshipper of Uskayaw the Reveller
   172 | D:1      | Reached * piety under Uskayaw
   183 | D:1      | Reached ** piety under Uskayaw
   216 | D:1      | Reached XP level 2. HP: 15/15 MP: 3/6
   753 | D:1      | Reached XP level 3. HP: 20/20 MP: 0/7
   997 | D:1      | Learned a level 2 spell: Static Discharge
  1992 | D:2      | Reached skill level 1 in Fighting
  1992 | D:2      | Reached XP level 4. HP: 4/25 MP: 0/8
  2271 | D:2      | Noticed Jessica
  2283 | D:2      | Killed Jessica
  2284 | D:2      | Reached skill level 1 in Armour
  2930 | D:2      | Found the amulet of the Air {Inacc Air Fly rElec RMsl}
  3332 | D:3      | Identified the +3 hand axe of the Maze {distort, rPois
                  | rF+++ rN+ Int-3}
  3374 | D:3      | Gained mutation: Your magical nature lets you fly swiftly
                  | and evasively. [Tengu growth]
  3374 | D:3      | Reached XP level 5. HP: 29/29 MP: 7/9
  3413 | D:3      | Reached skill level 5 in Air Magic
  3549 | D:3      | Found a glowing drain.
  3568 | Sewer    | Entered a sewer
  3626 | Sewer    | Gained mutation: You are agile. (Dex +4, Int/Str-1) [potion
                  | of mutation]
  3628 | Sewer    | HP: 1/29 [ball python (1)]
  3628 | Sewer    | Constricted to death by a ball python

Illustrated notes

Levels and vault maps discovered:
D:1:      dpeg_arrival_court, layout_basic, shapermc_ecumenical_altar_notcrosses
D:2:      layout_loops_ring, minmay_circled_x, uniq_jessica
D:3:      layout_basic, portal_sewer_entry_c
Sewer:    sewer_co_scattered_pipes

Skill      XL: |  1  2  3  4  5 |
---------------+----------------+-----
Conjurations   | 2 3 |  3.2
Fighting       | 1 |  1.3
Armour         | 1 |  1.3
Air Magic      | 5 |  5.1
Long Blades    | |  0.2
Dodging        | |  2.7
Stealth        | |  2.0
Spellcasting   | |  2.5
Invocations    | |  0.7

Action                   |  1- 3 |  4- 6 || total
-------------------------+-------+-------++-------
Melee: Short sword       |     5 |     5 ||    10
       Kick              |     1 |     4 ||     5
       Peck              |       |     2 ||     2
       Long sword        |       |    24 ||    24
 Cast: Shock             |    78 |    59 ||   137
       Static Discharge  |     1 |     1 ||     2
Invok: Stomp             |       |     1 ||     1
  Use: Potion            |     1 |     5 ||     6
       Scroll            |       |     2 ||     2
Armor: Robe              |     7 |     7 ||    14
Dodge: Dodged            |    20 |    35 ||    55

Table legend: (Time is in decaauts)
 A = Elapsed time spent in this place.
 B = Non-inter-level travel time spent in this place.
 C = Inter-level travel time spent in this place.
 D = Time resting spent in this place.
 E = Time spent auto-exploring this place.
 F = Levels seen in this place.
 G = Mean time per level.
                   A        B        C        D        E       F      G
               +--------+--------+--------+--------+--------+-----+--------+
         Total |   3626 |   3571 |     55 |   1353 |   1745 |   4 |  906.5 |
       Dungeon |   3563 |   3508 |     55 |   1353 |   1721 |   3 | 1187.7 |
         Sewer |     63 |     63 |      0 |      0 |     24 |   1 |   63.0 |
               +--------+--------+--------+--------+--------+-----+--------+

Top non-repeatable levels by time:
     D:1: 2165 daAuts
     D:2: 953 daAuts
     D:3: 444 daAuts
   Sewer: 63 daAuts
